 Dungeon Crawl Stone Soup version 0.30.1-11-g7821555f0a (webtiles) character file.

Game seed: 13169016795891775598

163 pkoi the Chiller (level 5, -2/38 HPs)
             Began as a Draconian Ice Elementalist on Nov 12, 2023.
             Slain by a white imp (5 damage)
             ... on level 4 of the Dungeon.
             The game lasted 00:02:37 (2974 turns).

pkoi the Chiller (Draconian Ice Elementalist)       Turns: 2974, Time: 00:02:38

Health: -2/38      AC:  5    Str: 10    XL:     5   Next: 20%
Magic:  6/8        EV: 12    Int: 17    God:
Gold:   202        SH:  0    Dex: 12    Spells: 1/8 levels left

rFire   . . .        t - +0 short sword (venom)
rCold   . . .        (no shield)
rNeg    . . .        (body armour unavailable)
rPois   .            (helmet restricted)
rElec   .            (no cloak)
rCorr   .            (no gloves)
SInv    +            (no boots)
Will    .....        (no amulet)
Stlth   ++           l - ring of see invisible
HPRegen 0.26/turn    (no ring)
MPRegen 0.11/turn

%: no passive effects
@: slowed, very slow
A: AC +5, unfitting armour, cold-blooded
a: no special abilities


You were on level 4 of the Dungeon.
You visited 1 branch of the dungeon, and saw 4 of its levels.

You collected 202 gold pieces.

Inventory:

Hand Weapons
 e - a +0 whip
 r - a +1 hand axe of draining
 t - a +0 short sword of venom (weapon)
Armour
 k - an orb of light
Jewellery
 l - a ring of see invisible (left hand)
 m - an amulet of faith
Scrolls
 b - a scroll of fog {unknown}
 f - a scroll of magic mapping {unknown}
 g - 2 scrolls of immolation {unknown}
 h - a scroll of vulnerability {unknown}
 i - 2 scrolls of identify {unknown}
 o - a scroll of teleportation {unknown}
 p - 3 scrolls of summoning {unknown}
 q - a scroll of blinking {unknown}
 s - a scroll of torment {unknown}
Potions
 a - 2 potions of magic
 c - 3 potions of curing {unknown}
 d - a potion of mutation {unknown}
 j - a potion of brilliance {unknown}
 n - 2 potions of heal wounds {unknown}
 u - a potion of attraction {unknown}


   Skills:
 - Level 1.7 Dodging
 - Level 1.7 Stealth
 - Level 2.0 Spellcasting
 + Level 6.5 Ice Magic


You had one spell level left.
You knew the following spells:

 Your Spells              Type           Power      Damage    Failure   Level
a - Freeze                Ice            96%        1d10      1%          1
b - Frozen Ramparts       Ice            48%        1d8       3%          3
c - Ozocubu's Armour      Ice            24%        N/A       3%          3

Your spell library contained the following spells:

 Spells                   Type           Power      Damage    Failure   Level
 Summon Ice Beast         Ice/Summ       12%        N/A       45%         4


Dungeon Overview and Level Annotations

Branches:
Dungeon (4/15)
 Temple: D:4-7

Altars:


Innate Abilities, Weirdness & Mutations

Your plain brown scales are hard. (AC +5)
You cannot fit into any form of body armour.
You are cold-blooded and may be slowed by cold attacks.


Message History

The white imp is moderately wounded.
The white imp hits you. The white imp freezes you.
You feel yourself slow down.
You hit the white imp but do no damage.
The white imp is moderately wounded.
The white imp barely misses you.
The white imp hits you but does no damage.
Unknown command.
You closely miss the white imp.
Your tail-slap misses the white imp.
The white imp is moderately wounded.
You feel yourself speed up. The white imp hits you. The white imp freezes you.
You closely miss the white imp.
Your tail-slap misses the white imp.
The white imp is moderately wounded.
The white imp hits you but does no damage.
Unknown command.
You hit the white imp but do no damage.
Your tail-slap misses the white imp.
The white imp is moderately wounded.
The white imp puffs mist at you.
The white imp hits you but does no damage.
Unknown command.
You hit the white imp but do no damage.
The white imp is moderately wounded.
The white imp gestures at you. The puff of frost misses you.
Unknown command.
You hit the white imp but do no damage.
The white imp is moderately wounded.
The white imp hits you. The white imp freezes you.
You feel yourself slow down.
* * * LOW HITPOINT WARNING * * *
Unknown command.
You closely miss the white imp.
The white imp is moderately wounded.
The white imp hits you.
* * * LOW HITPOINT WARNING * * *
The white imp freezes you.
* * * LOW HITPOINT WARNING * * *
The white imp hits you.
* * * LOW HITPOINT WARNING * * *
The white imp freezes you.
You die...

#########. #.@5......
#.######## #######.#
#.......###########
###.####...........#
...................#
#...####...........##
# #............#
+............#


You could see a white imp.

Vanquished Creatures
  An orc priest (D:4)
  A jelly (D:4)
  An orc wizard (D:4)
  3 adders (D:2)
  A dart slug (D:4)
  2 orcs
  6 endoplasms
  A giant cockroach (D:4)
  4 goblins
  5 hobgoblins
  10 kobolds
  2 quokkas
  3 ball pythons
  6 frilled lizards
  3 rats
49 creatures vanquished.

Notes
Turn   | Place    | Note
-------+----------+-------------------------------------------
     0 | D:1      | pkoi the Draconian Ice Elementalist began the quest for the
                  | Orb.
     0 | D:1      | Reached XP level 1. HP: 14/14 MP: 3/3
   625 | D:1      | Reached XP level 2. HP: 20/20 MP: 3/5
   796 | D:2      | Found a faded altar of an unknown god.
  1136 | D:2      | Reached skill level 5 in Ice Magic
  1136 | D:2      | Reached XP level 3. HP: 24/26 MP: 2/6
  2248 | D:4      | Reached XP level 4. HP: 11/33 MP: 1/7
  2444 | D:4      | Reached skill level 6 in Ice Magic
  2626 | D:3      | Learned a level 3 spell: Frozen Ramparts
  2630 | D:3      | Learned a level 3 spell: Ozocubu's Armour
  2772 | D:4      | Reached XP level 5. HP: 38/38 MP: 0/8
  2974 | D:4      | Slain by a white imp

Illustrated notes

Levels and vault maps discovered:
D:1:      minmay_arrival_three_doors, layout_loops_ring, nrook_mini_backslash,
          kennysheep_pointless_box
D:2:      layout_loops_ring, chequers_ecumenical_altar_twisty,
          kennysheep_generic_room_15
D:3:      layout_rooms
D:4:      layout_basic, ebering_ghost_sewer_d

Skill      XL: |  1  2  3  4 |
---------------+-------------+-----
Ice Magic      | 5 6 |  6.5
Dodging        | |  1.7
Stealth        | |  1.7
Spellcasting   | |  2.0

Action                     |  1- 3 |  4- 6 || total
---------------------------+-------+-------++-------
  Melee: Whip              |     5 |       ||     5
         Unarmed           |     1 |       ||     1
         Tailslap          |     1 |       ||     1
         Hand axe          |     1 |       ||     1
         Short sword       |       |    16 ||    16
   Cast: Freeze            |    57 |    24 ||    81
 Armour: Skin              |    13 |    14 ||    27
  Dodge: Dodged            |    27 |    13 ||    40
